Workbook

Sheet Inventario
A1: Prenda | B1: Marca | C1: Talla | D1: Proveedor | E1: Fecha compra | F1: Coste (€) | G1: Precio venta (€) | H1: Fecha venta | I1: Gastos envío y bolsa (€) | J1: Beneficio (€) | K1: Estado | L1: Días en stock
A2: Vaquero 501 azul claro | B2: Levi's | C2: 30 | D2: Lotes Países Bajos | E2: 46267 | F2: 4.1 | G2: 22 | H2: 46274 | I2: 0.4 | J2: =IF(G2="","",G2-F2-I2) | K2: =IF(A2="","",IF(H2<>"","Vendida","En stock")) | L2: =IF(OR(A2="",E2=""),"",IF(H2<>"",H2-E2,TODAY()-E2))
A3: Sudadera gris logo bordado | B3: Nike | C3: M | D3: Lotes Países Bajos | E3: 46267 | F3: 3.6 | G3: 19 | H3: 46285 | I3: 0.4 | J3: =IF(G3="","",G3-F3-I3) | K3: =IF(A3="","",IF(H3<>"","Vendida","En stock")) | L3: =IF(OR(A3="",E3=""),"",IF(H3<>"",H3-E3,TODAY()-E3))
A4: Blazer lino beige | B4: Zara | C4: S | D4: Handpicking | E4: 46280 | F4: 3.3 | G4: 14 | H4: 46296 | I4: 0.3 | J4: =IF(G4="","",G4-F4-I4) | K4: =IF(A4="","",IF(H4<>"","Vendida","En stock")) | L4: =IF(OR(A4="",E4=""),"",IF(H4<>"",H4-E4,TODAY()-E4))
A5: Chaqueta vaquera oversize | B5: Pull&Bear | C5: L | D5: Handpicking | E5: 46280 | F5: 4.5 | I5: 0.3 | J5: =IF(G5="","",G5-F5-I5) | K5: =IF(A5="","",IF(H5<>"","Vendida","En stock")) | L5: =IF(OR(A5="",E5=""),"",IF(H5<>"",H5-E5,TODAY()-E5))
J6: =IF(G6="","",G6-F6-I6) | K6: =IF(A6="","",IF(H6<>"","Vendida","En stock")) | L6: =IF(OR(A6="",E6=""),"",IF(H6<>"",H6-E6,TODAY()-E6))
J7: =IF(G7="","",G7-F7-I7) | K7: =IF(A7="","",IF(H7<>"","Vendida","En stock")) | L7: =IF(OR(A7="",E7=""),"",IF(H7<>"",H7-E7,TODAY()-E7))
J8: =IF(G8="","",G8-F8-I8) | K8: =IF(A8="","",IF(H8<>"","Vendida","En stock")) | L8: =IF(OR(A8="",E8=""),"",IF(H8<>"",H8-E8,TODAY()-E8))
J9: =IF(G9="","",G9-F9-I9) | K9: =IF(A9="","",IF(H9<>"","Vendida","En stock")) | L9: =IF(OR(A9="",E9=""),"",IF(H9<>"",H9-E9,TODAY()-E9))
J10: =IF(G10="","",G10-F10-I10) | K10: =IF(A10="","",IF(H10<>"","Vendida","En stock")) | L10: =IF(OR(A10="",E10=""),"",IF(H10<>"",H10-E10,TODAY()-E10))
J11: =IF(G11="","",G11-F11-I11) | K11: =IF(A11="","",IF(H11<>"","Vendida","En stock")) | L11: =IF(OR(A11="",E11=""),"",IF(H11<>"",H11-E11,TODAY()-E11))
J12: =IF(G12="","",G12-F12-I12) | K12: =IF(A12="","",IF(H12<>"","Vendida","En stock")) | L12: =IF(OR(A12="",E12=""),"",IF(H12<>"",H12-E12,TODAY()-E12))
J13: =IF(G13="","",G13-F13-I13) | K13: =IF(A13="","",IF(H13<>"","Vendida","En stock")) | L13: =IF(OR(A13="",E13=""),"",IF(H13<>"",H13-E13,TODAY()-E13))
J14: =IF(G14="","",G14-F14-I14) | K14: =IF(A14="","",IF(H14<>"","Vendida","En stock")) | L14: =IF(OR(A14="",E14=""),"",IF(H14<>"",H14-E14,TODAY()-E14))
J15: =IF(G15="","",G15-F15-I15) | K15: =IF(A15="","",IF(H15<>"","Vendida","En stock")) | L15: =IF(OR(A15="",E15=""),"",IF(H15<>"",H15-E15,TODAY()-E15))
J16: =IF(G16="","",G16-F16-I16) | K16: =IF(A16="","",IF(H16<>"","Vendida","En stock")) | L16: =IF(OR(A16="",E16=""),"",IF(H16<>"",H16-E16,TODAY()-E16))
J17: =IF(G17="","",G17-F17-I17) | K17: =IF(A17="","",IF(H17<>"","Vendida","En stock")) | L17: =IF(OR(A17="",E17=""),"",IF(H17<>"",H17-E17,TODAY()-E17))
... J301: =IF(G301="","",G301-F301-I301) | K301: =IF(A301="","",IF(H301<>"","Vendida","En stock")) | L301: =IF(OR(A301="",E301=""),"",IF(H301<>"",H301-E301,TODAY()-E301))

Sheet Resumen
A1: Resumen de VintyGuide
A2: Se calcula solo a partir de la hoja Inventario. No escribas en la columna B.
A4: Prendas compradas | B4: =COUNTA(Inventario!A2:A301)
A5: Prendas vendidas | B5: =COUNTIF(Inventario!K2:K301,"Vendida")
A6: Prendas en stock | B6: =COUNTIF(Inventario!K2:K301,"En stock")
A7: En stock más de 30 días | B7: =COUNTIFS(Inventario!K2:K301,"En stock",Inventario!L2:L301,">30")
A8: Total invertido en prendas | B8: =SUM(Inventario!F2:F301)
A9: Total vendido | B9: =SUM(Inventario!G2:G301)
A10: Gastos de envío y bolsas | B10: =SUM(Inventario!I2:I301)
A11: Beneficio de lo vendido | B11: =SUM(Inventario!J2:J301)
A12: Beneficio medio por prenda vendida | B12: =IF(B5=0,0,B11/B5)
A13: Dinero recuperado (vendido / invertido) | B13: =IF(B8=0,0,B9/B8)
A14: Media de días hasta vender | B14: =IFERROR(AVERAGEIF(Inventario!K2:K301,"Vendida",Inventario!L2:L301),0)
A16: Plantilla gratuita de VintyGuide. Web independiente, no afiliada a Vinted.
